 Dungeon Crawl Stone Soup version 0.31-a0-255-g9c3d1c461a (webtiles) character file.

Game seed: 2806289371695482474

150 qw the Shooter (level 5, -1/30 HPs)
             Began as a Gargoyle Hexslinger on July 12, 2023.
             Frozen to death by an endoplasm (5 damage)
             ... on level 2 of the Dungeon.
             The game lasted 00:00:45 (1091 turns).

qw the Shooter (Gargoyle Hexslinger)                Turns: 1091, Time: 00:00:46

Health: -1/30      AC:  8    Str: 11    XL:     5   Next: 32%
Magic:  6/6        EV: 11    Int: 14    God:
Gold:   76         SH:  0    Dex: 14    Spells: 5/6 levels left

rFire   . . .        Y - +1 sling
rCold   . . .        (no shield)
rNeg    + . .        e - +0 leather armour
rPois   inf          (no helmet)
rElec   +            (no cloak)
rCorr   .            (no gloves)
SInv    .            d - +0 pair of boots
Will    .....        (no amulet)
Stlth   +            (no ring)
HPRegen 0.25/turn    (no ring)
MPRegen 0.10/turn

%: no passive effects
@: no status effects
A: sickness immunity, AC +4, negative energy resistance 1, electricity
resistance, torment resistance 1, petrification resistance
a: no special abilities


You were on level 2 of the Dungeon.
You visited 1 branch of the dungeon, and saw 2 of its levels.

You collected 76 gold pieces.


Innate Abilities, Weirdness & Mutations

You are immune to sickness and miasma.
Your stone body is resilient. (AC +4)
You are immune to poison.
You resist negative energy. (rN+)
You are resistant to electric shocks. (rElec)
You are resistant to unholy torment.
You are immune to petrification.


   Skills:
 - Level 2.0 Fighting
 + Level 5.1 Ranged Weapons
 - Level 1.5 Dodging
 - Level 1.0 Spellcasting
 - Level 2.6 Hexes


You had 5 spell levels left.
You knew the following spells:

 Your Spells              Type           Power      Damage    Failure   Level
a - Slow                  Hex            32%        N/A       12%         1

Your spell library contained the following spells:

 Spells                   Type           Power      Damage    Failure   Level
 Inner Flame              Hex/Fire       4%         N/A       52%         3
 Portal Projectile        Hex/Tloc       8%         N/A       52%         3
 Cause Fear               Hex            4%         N/A       75%         4

Inventory:

Hand Weapons
 Y - a +1 sling (weapon)
Armour
 b - a +1 pair of boots
 d - a +0 pair of boots (worn)
 e - a +0 leather armour (worn)
 h - a +0 ring mail
 j - a +0 robe of fire resistance
Scrolls
 a - a scroll of noise {unknown}
 k - a scroll of immolation {unknown}
Potions
 c - 2 potions of haste {unknown}
 f - a potion of degeneration {unknown}
 g - 2 potions of curing {unknown}
 i - a potion of enlightenment

Dungeon Overview and Level Annotations

Branches:
Dungeon (2/15)

Altars:


Message History

The jelly is lightly wounded.
The endoplasm hits you but does no damage.
The jelly hits you but does no damage. The endoplasm closely misses you.
You shoot a sling bullet. The sling bullet hits the jelly.
The jelly is heavily wounded.
The endoplasm closely misses you. The endoplasm freezes you.
You are frozen.
The jelly closely misses you.
You shoot a sling bullet. The sling bullet hits the jelly.
The jelly is severely wounded.
The endoplasm freezes you.
You are frozen.
The endoplasm closely misses you. The jelly barely misses you.
You shoot a sling bullet.
The sling bullet hits the jelly but does no damage.
The jelly is severely wounded.
The endoplasm hits you but does no damage.
The endoplasm barely misses you.
The jelly jiggles.
The jelly hits you but does no damage. The endoplasm barely misses you.
The jelly misses you. The endoplasm hits you.
You shoot a sling bullet.
The sling bullet hits the jelly but does no damage.
The jelly is severely wounded.
The endoplasm freezes you.
You are frozen.
The endoplasm freezes you.
You are frozen.
The jelly barely misses you.
You shoot a sling bullet. The sling bullet hits the jelly.
The jelly is almost dead.
The endoplasm hits you but does no damage. x2
The jelly closely misses you.
You shoot a sling bullet. The sling bullet hits the jelly.
You kill the jelly!
The endoplasm barely misses you. The endoplasm misses you.
Your Ranged Weapons skill increases to level 5!
You shoot a sling bullet. The sling bullet hits the endoplasm.
The endoplasm is severely wounded.
The endoplasm freezes you.
You are frozen.
You die...

#.# ##########
..#####.##?%....##.#######
........##......#)#.#....#####
..###..###.%....#.#.#.....##.#
#. #...# #.P..%.#.#'#......'.##
...#.#.###......#.#........'..#
...#.#..##.%....#.#........)..#
.....#..##.....J#.#.......##))#
#....#..##.....J@##......###.)#
#.......##....%J############.##
........######## #######..#
#.......####### #####........#
......>.......###...)........#
##.##.........##..###........#
#.......#.##....#<[...P.....#
....%.##.#%..#..##.##........#
...........#.......##........#


You could see 3 endoplasms.

Vanquished Creatures
  2 jellies (D:2)
  Jessica (D:2)
  2 worms (D:2)
  2 dart slugs (D:1)
  3 bats
  9 endoplasms
  A giant cockroach (D:1)
  2 goblins
  4 hobgoblins
  3 jackals (D:1)
  2 quokkas (D:1)
  3 ball pythons
  A frilled lizard (D:2)
  10 kobolds
  A quokka skeleton (D:2)
  A quokka zombie (D:2)
  4 rats (D:1)
51 creatures vanquished.

Notes
Turn   | Place    | Note
-------+----------+-------------------------------------------
     0 | D:1      | qw the Gargoyle Hexslinger began the quest for the Orb.
     0 | D:1      | Reached XP level 1. HP: 12/12 MP: 2/2
     0 | D:1      | 0 ||| qw: Version: 0.3-a-52-g30416fa
     0 | D:1      | 0 ||| qw: Game counter: 6648
     0 | D:1      | 0 ||| qw: Melee chars always use a shield: true
     0 | D:1      | 0 ||| qw: God list: Okawaru
     0 | D:1      | 0 ||| qw: Allow faded altars: false
     0 | D:1      | 0 ||| qw: Do Orc after clearing Dungeon:15 true
     0 | D:1      | 0 ||| qw: Do second Lair branch before Depths: true
     0 | D:1      | 0 ||| qw: Lair rune preference: random
     0 | D:1      | 0 ||| qw: Goals: Normal
     0 | D:1      | 0 ||| PLANNING D:1-11
    38 | D:1      | Reached XP level 2. HP: 16/16 MP: 3/3
    46 | D:1      | 46 ||| FLEEEEING.
    60 | D:1      | 60 ||| FLEEEEING.
    61 | D:1      | 61 ||| FLEEEEING.
   120 | D:1      | Reached skill level 3 in Ranged Weapons
   413 | D:1      | Reached XP level 3. HP: 21/21 MP: 4/4
   526 | D:1      | 526 ||| UPGRADING to +0 pair of boots.
   531 | D:1      | 531 ||| UPGRADING to +0 leather armour.
   541 | D:1      | 541 ||| DROPPING +0 robe.
   542 | D:1      | 542 ||| READING scroll labelled HEH NAMUTA.
   543 | D:1      | 543 ||| READING scroll labelled KEXYTO LOEWU.
   544 | D:1      | 544 ||| READING scroll labelled DESUM CUGESMYUMYR.
   545 | D:1      | 545 ||| DRINKING 2 inky potions.
   546 | D:1      | 546 ||| DROPPING scroll of poison.
   653 | D:2      | 653 ||| FLEEEEING.
   654 | D:2      | 654 ||| FLEEEEING.
   657 | D:2      | 657 ||| FLEEEEING.
   659 | D:2      | 659 ||| FLEEEEING.
   660 | D:2      | 660 ||| FLEEEEING.
   768 | D:2      | Noticed Jessica
   778 | D:2      | Killed Jessica
   779 | D:2      | Reached skill level 4 in Ranged Weapons
   779 | D:2      | Reached XP level 4. HP: 20/26 MP: 5/5
   828 | D:2      | 828 ||| Stepping ~*~*~tactically~*~*~ (outnumbered).
   844 | D:2      | HP: 5/26 [kobold/+0 whip (5)]
   974 | D:2      | 974 ||| FLEEEEING.
   975 | D:2      | 975 ||| FLEEEEING.
   976 | D:2      | 976 ||| FLEEEEING.
   977 | D:2      | 977 ||| FLEEEEING.
   978 | D:2      | 978 ||| FLEEEEING.
   979 | D:2      | 979 ||| FLEEEEING.
   980 | D:2      | 980 ||| FLEEEEING.
   982 | D:2      | 982 ||| FLEEEEING.
   983 | D:2      | 983 ||| FLEEEEING.
   984 | D:2      | 984 ||| FLEEEEING.
   986 | D:2      | 986 ||| FLEEEEING.
   987 | D:2      | 987 ||| FLEEEEING.
   988 | D:2      | 988 ||| FLEEEEING.
   989 | D:2      | 989 ||| FLEEEEING.
   990 | D:2      | 990 ||| FLEEEEING.
   991 | D:2      | 991 ||| FLEEEEING.
   992 | D:2      | 992 ||| FLEEEEING.
  1067 | D:2      | Reached XP level 5. HP: 30/30 MP: 6/6
  1088 | D:2      | HP: 5/30 [frozen (5)]
  1091 | D:2      | Reached skill level 5 in Ranged Weapons
  1091 | D:2      | Frozen to death by an endoplasm

Levels and vault maps discovered:
D:1:      dpeg_arrival_tiny_a, layout_basic
D:2:      cheibrodos_fertilizer, layout_rooms, serial_undead, serial_undead_e,
          serial_undead_c, serial_undead_b, serial_undead_e, uniq_jessica

Skill      XL: |  1  2  3  4  5 |
---------------+----------------+-----
Ranged Weapons | 3 4 5 |  5.1
Fighting       | 2 |  2.0
Dodging        | |  1.5
Spellcasting   | |  1.0
Hexes          | |  2.6

Action                     |  1- 3 |  4- 6 || total
---------------------------+-------+-------++-------
   Fire: Sling             |   103 |    63 ||   166
    Use: Scroll            |     3 |       ||     3
         Potion            |     1 |       ||     1
 Armour: Robe              |     9 |       ||     9
         Leather armour    |     4 |    38 ||    42
  Dodge: Dodged            |    15 |    48 ||    63

Table legend:
 A = Non-vault XP
 B = Vault XP
 C = Vault XP percentage of total XP
 D = Non-vault monster count
 E = Vault monster count
 F = Vault count percentage of total count
                 A         B        C        D         E       F
            +---------+---------+-------+---------+---------+-------
      Total |      64 |     151 |  70.2 |      32 |      19 |  37.3
            +---------+---------+-------+---------+---------+-------
        D:1 |      38 |       0 |   0.0 |      20 |       0 |   0.0
        D:2 |      26 |     151 |  85.3 |      12 |      19 |  61.3
            +---------+---------+-------+---------+---------+-------
